PCL
DISTRICT 9 PRAWNS @ SANTA MONICA BRUINS
07/22/2029
 
TOP OF THE 1ST
District 9 Prawns batting - Pitching for Santa Monica Bruins : LHP Rafael Alemán
Pitching: LHP Rafael Alemán
Batting: LHB Donnie Cunningham 0-0: Called Strike
0-1: Ball
1-1: Foul Ball, location: 2F
1-2: Foul Ball, location: 2F
1-2: DOUBLE (Line Drive, 89D)
Batting: RHB José Colón 0-0: Foul Ball, location: 2F
0-1: Ball
1-1: Ball
2-1: SINGLE (Groundball, 6MD)
Donnie Cunningham to third
Runner from 3rd tries for Home, SAFE, no throw
Batting: SHB Félix Montoya 0-0: Called Strike
0-1: Foul Ball, location: 2F
0-2: Ball
1-2: SINGLE (Line Drive, 89S)
José Colón to second
Batting: LHB Terry Simpson 0-0: Ball
1-0: Ball
2-0: Foul Ball, location: 2F
2-1: Swinging Strike
2-2: Grounds into double play, 6-4-3 (Groundball, 6)
José Colón to third
Batting: RHB Doug O'Brien 0-0: Ground out 5-3 (Groundball, 56)
Top of the 1st over - 1 run, 3 hits, 0 errors, 1 left on base; District 9 1 - Santa Monica 0
BOTTOM OF THE 1ST
Santa Monica Bruins batting - Pitching for District 9 Prawns : RHP Larry Johnston
Pitching: RHP Larry Johnston
Batting: LHB Francisco Medina 0-0: Called Strike
0-1: Ball
1-1: Foul Ball, location: 2F
1-2: Ground out 4-3 (Groundball, 4M)
Batting: LHB Ramiro Martínez 0-0: Ball
1-0: Ball
2-0: Called Strike
2-1: Swinging Strike
2-2: Foul Ball, location: 2F
2-2: Reached on error, E2 (Popup, 13S)
Batting: RHB Jake Reeves 0-0: Foul Ball, location: 2F
0-1: Ball
1-1: Ball
2-1: Called Strike
Ramiro Martínez steals 2nd base
2-2: Ball
3-2: 2-RUN HOME RUN (Flyball, 7D), Distance : 341 ft
Batting: RHB Luis Martínez 0-0: Called Strike
0-1: Swinging Strike
0-2: Ball
1-2: Ground out 5-3 (Groundball, 56S)
Batting: LHB Noriaki Sangi 0-0: Ball
1-0: Called Strike
1-1: Foul Ball, location: 2F
1-2: Ball
2-2: Ball
3-2: DOUBLE (Line Drive, 78D)
Batting: RHB Javier González 0-0: Called Strike
0-1: Ball
1-1: Foul Ball, location: 2F
1-2: Strikes out swinging passed ball, reaches first!
Noriaki Sangi to third
Batting: RHB Cisco Gatán 0-0: Ball
1-0: Called Strike
1-1: Foul Ball, location: 2F
1-2: Ball
2-2: Ball
3-2: SINGLE (Line Drive, 8LS)
Noriaki Sangi scores
Javier González to second
Javier González to third
Batting: RHB Ernest Russell 0-0: Ball
1-0: Ball
2-0: Foul Ball, location: 2F
2-1: Foul Ball, location: 2F
2-2: Ball
3-2: SINGLE (Groundball, 56D)
Javier González scores
Cisco Gatán to second
Cisco Gatán to third
Batting: LHB Arthur MacDonald 0-0: Called Strike
0-1: Foul Ball, location: 2F
0-2: Ball
1-2: Hit by Pitch
Ernest Russell to second
Batting: LHB Francisco Medina 0-0: Ball
1-0: Ball
2-0: Ball
3-0: Foul Ball, location: 2F
3-1: Base on Balls
Cisco Gatán scores
Ernest Russell to third
Arthur MacDonald to second
Batting: LHB Ramiro Martínez 0-0: Ball
1-0: Called Strike
1-1: Ball
2-1: Ground out 4-3 (Groundball, 4)
Bottom of the 1st over - 5 runs, 4 hits, 1 error, 3 left on base; District 9 1 - Santa Monica 5
TOP OF THE 2ND
District 9 Prawns batting - Pitching for Santa Monica Bruins : LHP Rafael Alemán
Batting: RHB Edgardo Carrasco 0-0: Foul Ball, location: 2F
0-1: Fly out, F7 (Flyball, 7D)
Batting: RHB Gil Palmer 0-0: Called Strike
0-1: Ball
1-1: Fly out, F8 (Flyball, 8LM)
Batting: LHB Manuel Cardenas 0-0: Swinging Strike
0-1: Ball
1-1: Ball
2-1: Ball
3-1: Swinging Strike
3-2: Foul Ball, location: 2F
3-2: Strikes out looking
Top of the 2nd over - 0 runs, 0 hits, 0 errors, 0 left on base; District 9 1 - Santa Monica 5
BOTTOM OF THE 2ND
Santa Monica Bruins batting - Pitching for District 9 Prawns : RHP Larry Johnston
Batting: RHB Jake Reeves 0-0: Foul Ball, location: 2F
0-1: Ground out 6-3 (Groundball, 6)
Batting: RHB Luis Martínez 0-0: Ball
1-0: Called Strike
1-1: Swinging Strike
1-2: Ball
2-2: Strikes out swinging
Batting: LHB Noriaki Sangi 0-0: Ball
1-0: Ball
2-0: Ball
3-0: Base on Balls
Batting: RHB Javier González 0-0: Ball
1-0: Foul Ball, location: 2F
1-1: Swinging Strike
1-2: Ball
2-2: Ball
3-2: Foul Ball, location: 2F
3-2: Base on Balls
Noriaki Sangi to second
Batting: RHB Cisco Gatán 0-0: Fly out, F8 (Flyball, 8RM)
Bottom of the 2nd over - 0 runs, 0 hits, 0 errors, 2 left on base; District 9 1 - Santa Monica 5
TOP OF THE 3RD
District 9 Prawns batting - Pitching for Santa Monica Bruins : LHP Rafael Alemán
Batting: RHB Alfredo Rangel 0-0: Called Strike
0-1: Called Strike
0-2: Ground out 6-3 (Groundball, 6)
Batting: LHB Donnie Cunningham 0-0: DOUBLE (Line Drive, 7LM)
Batting: RHB José Colón 0-0: Ground out 6-3 (Groundball, 6)
Donnie Cunningham to third
Batting: SHB Félix Montoya 0-0: Ball
1-0: Ball
2-0: Ball
3-0: Called Strike
3-1: Foul Ball, location: 2F
3-2: Foul Ball, location: 2F
3-2: Base on Balls
Batting: LHB Terry Simpson 0-0: Ball
1-0: Ball
2-0: Called Strike
2-1: Fly out, F9 (Flyball, 9)
Top of the 3rd over - 0 runs, 1 hit, 0 errors, 2 left on base; District 9 1 - Santa Monica 5
BOTTOM OF THE 3RD
Santa Monica Bruins batting - Pitching for District 9 Prawns : RHP Larry Johnston
Batting: RHB Ernest Russell 0-0: Called Strike
0-1: Ball
1-1: Called Strike
1-2: Foul Ball, location: 2F
1-2: Ground out 5-3 (Groundball, 56)
Batting: LHB Arthur MacDonald 0-0: Ball
1-0: Ground out 5-3 (Groundball, 5S)
Batting: LHB Francisco Medina 0-0: Ground out 5-3 (Groundball, 5)
Bottom of the 3rd over - 0 runs, 0 hits, 0 errors, 0 left on base; District 9 1 - Santa Monica 5
TOP OF THE 4TH
District 9 Prawns batting - Pitching for Santa Monica Bruins : LHP Rafael Alemán
Batting: RHB Doug O'Brien 0-0: Ball
1-0: Ball
2-0: SINGLE (Groundball, 56D)
Batting: RHB Edgardo Carrasco 0-0: Ball
1-0: Swinging Strike
1-1: Ball
2-1: Ball
3-1: Base on Balls
Doug O'Brien to second
Batting: RHB Gil Palmer 0-0: Called Strike
0-1: 3-RUN HOME RUN (Flyball, 7LD), Distance : 337 ft
Batting: LHB Manuel Cardenas 0-0: Called Strike
0-1: Ball
1-1: Ball
2-1: Ball
3-1: Foul Ball, location: 2F
3-2: Base on Balls
Batting: RHB Alfredo Rangel 0-0: Foul Ball, location: 2F
0-1: Ball
1-1: Swinging Strike
1-2: Ball
2-2: Foul Ball, location: 2F
2-2: Fielders Choice at 2nd, 5-4 (Groundball, 56)
Batting: LHB Donnie Cunningham 0-0: Ball
1-0: Ball
2-0: Ball
3-0: Base on Balls
Alfredo Rangel to second
Batting: RHB José Colón 0-0: Called Strike
0-1: Grounds into double play, 1-6-3 (Groundball, 13)
Top of the 4th over - 3 runs, 2 hits, 0 errors, 1 left on base; District 9 4 - Santa Monica 5
BOTTOM OF THE 4TH
Santa Monica Bruins batting - Pitching for District 9 Prawns : RHP Larry Johnston
Pitching: LHP Ben Johnson
Batting: LHB Ramiro Martínez 0-0: Called Strike
0-1: Swinging Strike
0-2: Ball
1-2: Ball
2-2: SINGLE (Groundball, 6D)
Batting: RHB Jake Reeves 0-0: Ball
1-0: Ball
2-0: Ball
3-0: Base on Balls
Ramiro Martínez to second
Batting: RHB Luis Martínez 0-0: Grounds into double play, 6-4-3 (Groundball, 6)
Ramiro Martínez to third
Batting: LHB Noriaki Sangi 0-0: Called Strike
0-1: Foul Ball, location: 2F
0-2: Ball
1-2: Strikes out swinging
Bottom of the 4th over - 0 runs, 1 hit, 0 errors, 1 left on base; District 9 4 - Santa Monica 5
TOP OF THE 5TH
District 9 Prawns batting - Pitching for Santa Monica Bruins : LHP Rafael Alemán
Batting: SHB Félix Montoya 0-0: Ball
1-0: Ball
2-0: Ball
3-0: Called Strike
3-1: Called Strike
3-2: Base on Balls
Batting: LHB Terry Simpson 0-0: Called Strike
Throwing error on steal attempt, E2
Félix Montoya to third
0-1: Ball
1-1: Ball
2-1: Ball
3-1: Fly out, F9 (Flyball, 9LM)
Runner from 3rd tags up, SCORES, no throw
Batting: RHB Doug O'Brien 0-0: Called Strike
0-1: Ball
1-1: Fly out, F8 (Flyball, 8RD)
Batting: RHB Edgardo Carrasco 0-0: Ground out 5-3 (Groundball, 56)
Top of the 5th over - 1 run, 0 hits, 1 error, 0 left on base; District 9 5 - Santa Monica 5
BOTTOM OF THE 5TH
Santa Monica Bruins batting - Pitching for District 9 Prawns : LHP Ben Johnson
Batting: RHB Javier González 0-0: Ball
1-0: Called Strike
1-1: Fly out, F9 (Flyball, 9LM)
Batting: RHB Cisco Gatán 0-0: Swinging Strike
0-1: Ball
1-1: Ball
2-1: Foul Ball, location: 2F
2-2: Foul Ball, location: 2F
2-2: Foul Ball, location: 2F
2-2: Ball
3-2: Foul Ball, location: 2F
3-2: Fly out, F7 (Flyball, 7LS)
Batting: RHB Ernest Russell 0-0: Called Strike
0-1: Swinging Strike
0-2: Ball
1-2: Strikes out swinging
Bottom of the 5th over - 0 runs, 0 hits, 0 errors, 0 left on base; District 9 5 - Santa Monica 5
TOP OF THE 6TH
District 9 Prawns batting - Pitching for Santa Monica Bruins : LHP Rafael Alemán
Batting: RHB Gil Palmer 0-0: Ball
1-0: Foul Ball, location: 2F
1-1: Foul Ball, location: 2F
1-2: SOLO HOME RUN (Line Drive, 7LD), Distance : 354 ft
Pitching: LHP Don Sutherland
Batting: LHB Manuel Cardenas 0-0: Swinging Strike
0-1: Ball
1-1: Foul Ball, location: 2F
1-2: Strikes out swinging
Batting: RHB Alfredo Rangel 0-0: Ground out 5-3 (Groundball, 56S)
Batting: LHB Donnie Cunningham 0-0: Foul Ball, location: 2F
0-1: Ball
1-1: Foul Ball, location: 2F
1-2: Strikes out looking
Top of the 6th over - 1 run, 1 hit, 0 errors, 0 left on base; District 9 6 - Santa Monica 5
BOTTOM OF THE 6TH
Santa Monica Bruins batting - Pitching for District 9 Prawns : LHP Ben Johnson
Batting: LHB Arthur MacDonald 0-0: Ball
1-0: Ball
2-0: Fly out, F3 (Popup, 3SF)
Batting: LHB Francisco Medina 0-0: Called Strike
0-1: Foul Ball, location: 2F
0-2: Ball
1-2: Ground out 5-3 (Groundball, 56)
Pitching: RHP José Huerta
Batting: LHB Ramiro Martínez 0-0: Swinging Strike
0-1: Foul Ball, location: 2F
0-2: Ball
1-2: Foul Ball, location: 2F
1-2: Foul Ball, location: 2F
1-2: Foul Ball, location: 2F
1-2: Strikes out swinging
Bottom of the 6th over - 0 runs, 0 hits, 0 errors, 0 left on base; District 9 6 - Santa Monica 5
TOP OF THE 7TH
District 9 Prawns batting - Pitching for Santa Monica Bruins : LHP Don Sutherland
Batting: RHB José Colón 0-0: Ball
1-0: SINGLE (Flyball, 5D)
Pinch Hitting: RHB Reynold Akker 0-0: SINGLE (Groundball, 56D)
José Colón to second
Batting: LHB Terry Simpson 0-0: Ball
1-0: Called Strike
1-1: Foul Ball, location: 2F
1-2: Ball
2-2: Grounds into double play, 3-6-3 (Groundball, 34)
José Colón to third
Batting: RHB Doug O'Brien 0-0: Called Strike
0-1: Ball
1-1: Swinging Strike
1-2: Ball
2-2: Ball
3-2: Strikes out swinging
Top of the 7th over - 0 runs, 2 hits, 0 errors, 1 left on base; District 9 6 - Santa Monica 5
BOTTOM OF THE 7TH
Santa Monica Bruins batting - Pitching for District 9 Prawns : RHP José Huerta
Now at 2B: Reynold Akker
Batting: RHB Jake Reeves 0-0: Ball
1-0: Called Strike
1-1: SINGLE (Flyball, 8RS)
Batting: RHB Luis Martínez 0-0: Ball
1-0: Called Strike
1-1: Ball
2-1: Ball
3-1: Foul Ball, location: 2F
3-2: Strikes out swinging
Batting: LHB Noriaki Sangi 0-0: Called Strike
0-1: Ball
1-1: Called Strike
1-2: Strikes out looking
Batting: RHB Javier González 0-0: Ball
1-0: Ball
2-0: Ball
3-0: Base on Balls
Jake Reeves to second
Batting: RHB Cisco Gatán 0-0: Ball
1-0: Ball
2-0: Called Strike
2-1: Ball
3-1: Base on Balls
Jake Reeves to third
Javier González to second
Pinch Hitting: LHB Ken Phillips 0-0: Ball
1-0: Ball
2-0: Called Strike
2-1: Foul Ball, location: 2F
2-2: Ball
3-2: Base on Balls
Jake Reeves scores
Javier González to third
Cisco Gatán to second
Batting: LHB Arthur MacDonald 0-0: Ball
1-0: Ground out U3 (Groundball, 3)
Bottom of the 7th over - 1 run, 1 hit, 0 errors, 3 left on base; District 9 6 - Santa Monica 6
TOP OF THE 8TH
District 9 Prawns batting - Pitching for Santa Monica Bruins : LHP Don Sutherland
Now at 3B: Armando Colón
Batting: RHB Edgardo Carrasco 0-0: SINGLE (Groundball, 6MD)
Batting: RHB Gil Palmer 0-0: Ball
1-0: Ball
2-0: Called Strike
2-1: Ball
3-1: Swinging Strike
3-2: Base on Balls
Edgardo Carrasco to second
Pinch Hitting: RHB Carlos Flores 0-0: Sac Bunt - play at first, batter OUT! 1-4
Edgardo Carrasco to third
Gil Palmer to second
Batting: RHB Alfredo Rangel 0-0: Intentional Walk
Pinch Hitting: RHB Jim Edgar 0-0: Grounds into fielders choice 4-2 (Groundball, 4)
Gil Palmer to third
Alfredo Rangel to second
Batting: RHB José Colón 0-0: Called Strike
0-1: Ball
1-1: Swinging Strike
1-2: Fielders Choice at 2nd, 6-4 (Groundball, 6)
Top of the 8th over - 0 runs, 1 hit, 0 errors, 3 left on base; District 9 6 - Santa Monica 6
BOTTOM OF THE 8TH
Santa Monica Bruins batting - Pitching for District 9 Prawns : RHP José Huerta
Now at 2B: Jim Edgar
Now in CF: Culley Vaughan
Batting: LHB Francisco Medina 0-0: Ball
1-0: SINGLE (Flyball, 9S)
Batting: LHB Ramiro Martínez 0-0: Bunted foul
0-1: Ball
1-1: Ball
2-1: Sac Bunt - play at first, batter OUT! 1-4
Francisco Medina to second
Batting: RHB Jake Reeves 0-0: Called Strike
0-1: Ball
1-1: Fly out, F7 (Flyball, 7LS)
Batting: RHB Luis Martínez 0-0: Called Strike
0-1: Foul Ball, location: 2F
0-2: Ball
1-2: Ball
2-2: Strikes out looking
Bottom of the 8th over - 0 runs, 1 hit, 0 errors, 1 left on base; District 9 6 - Santa Monica 6
TOP OF THE 9TH
District 9 Prawns batting - Pitching for Santa Monica Bruins : LHP Don Sutherland
Pitching: RHP Jorge Hernández
Pinch Hitting: LHB Mike Davis 0-0: Called Strike
0-1: Swinging Strike
0-2: Strikes out looking
Batting: LHB Terry Simpson 0-0: Called Strike
0-1: Foul Ball, location: 2F
0-2: Ball
1-2: Ball
2-2: Foul Ball, location: 2F
2-2: Ball
3-2: Base on Balls
Batting: RHB Doug O'Brien 0-0: Ball
1-0: Foul Ball, location: 2F
1-1: Called Strike
1-2: Foul Ball, location: 2F
1-2: Strikes out swinging
Pinch Hitting: LHB Leonard Young 0-0: Called Strike
0-1: Called Strike
0-2: DOUBLE (Line Drive, 89D)
Terry Simpson to third
Runner from 3rd tries for Home, SAFE, no throw
Batting: RHB Gil Palmer 0-0: Ball
1-0: Ball
2-0: Ball
3-0: Base on Balls
Pinch Hitting: LHB Jeff Thompson 0-0: Ball
1-0: Called Strike
1-1: Foul Ball, location: 2F
1-2: Fly out, F7 (Line Drive, 7S)
Top of the 9th over - 1 run, 1 hit, 0 errors, 2 left on base; District 9 7 - Santa Monica 6
BOTTOM OF THE 9TH
Santa Monica Bruins batting - Pitching for District 9 Prawns : RHP José Huerta
Pitching: RHP Ignacio Morales
Now at C: António Romo
Now at 2B: Jeff Doss
Now in LF: Al Bartlett
Now in RF: Jeff Thompson
Batting: LHB Noriaki Sangi 0-0: Ball
1-0: Ball
2-0: Foul Ball, location: 2F
2-1: Foul Ball, location: 2F
2-2: Foul Ball, location: 2F
2-2: Foul Ball, location: 2F
2-2: SOLO HOME RUN (Line Drive, 9D), Distance : 376 ft
Batting: RHB Javier González 0-0: Called Strike
0-1: Ball
1-1: Called Strike
1-2: Ball
2-2: Ball
3-2: Strikes out swinging
Batting: RHB Cisco Gatán 0-0: Called Strike
0-1: Ball
1-1: Foul Ball, location: 2F
1-2: Foul Ball, location: 2F
1-2: Strikes out swinging
Pinch Hitting: LHB Kent MacDulothe 0-0: Ball
1-0: Called Strike
1-1: Ball
2-1: Ball
3-1: Foul Ball, location: 2F
3-2: Base on Balls
Batting: LHB Arthur MacDonald 0-0: Ball
1-0: Ground out U3 (Groundball, 3S)
Bottom of the 9th over - 1 run, 1 hit, 0 errors, 1 left on base; District 9 7 - Santa Monica 7
TOP OF THE 10TH
District 9 Prawns batting - Pitching for Santa Monica Bruins : RHP Jorge Hernández
Pitching: RHP Joe Shoemaker
Now at 3B: Adrián Nieto
Batting: RHB Alfredo Rangel 0-0: Ball
1-0: Ground out 6-3 (Groundball, 6)
Batting: RHB Jim Edgar 0-0: Ball
1-0: Called Strike
1-1: Called Strike
1-2: Ball
2-2: Foul Ball, location: 2F
2-2: Foul Ball, location: 2F
2-2: Strikes out looking
Batting: RHB José Colón 0-0: Ball
1-0: Foul Ball, location: 2F
1-1: Swinging Strike
1-2: Strikes out swinging
Top of the 10th over - 0 runs, 0 hits, 0 errors, 0 left on base; District 9 7 - Santa Monica 7
BOTTOM OF THE 10TH
Santa Monica Bruins batting - Pitching for District 9 Prawns : RHP Ignacio Morales
Batting: LHB Francisco Medina 0-0: Called Strike
0-1: Ball
1-1: Fly out, F8 (Flyball, 8LD)
Batting: LHB Ramiro Martínez 0-0: Called Strike
0-1: Foul Ball, location: 2F
0-2: SINGLE (Groundball, 6MD)
Batting: RHB Jake Reeves 0-0: Ball
1-0: Ball
2-0: Called Strike
Ramiro Martínez steals 2nd base
2-1: Called Strike
2-2: Fly out, F8 (Flyball, 8RM)
Batting: RHB Luis Martínez 0-0: Called Strike
0-1: Ball
1-1: Swinging Strike
1-2: Strikes out looking
Bottom of the 10th over - 0 runs, 1 hit, 0 errors, 1 left on base; District 9 7 - Santa Monica 7
TOP OF THE 11TH
District 9 Prawns batting - Pitching for Santa Monica Bruins : RHP Joe Shoemaker
Batting: LHB António Romo 0-0: Swinging Strike
0-1: Ball
1-1: Swinging Strike
1-2: Foul Ball, location: 2F
1-2: Foul Ball, location: 2F
1-2: Strikes out swinging
Batting: LHB Al Bartlett 0-0: Called Strike
0-1: Ball
1-1: Swinging Strike
1-2: Ball
2-2: Strikes out swinging
Batting: RHB Doug O'Brien 0-0: Called Strike
0-1: Ball
1-1: Ball
2-1: SOLO HOME RUN (Line Drive, 7LD), Distance : 344 ft
Batting: LHB Jeff Doss 0-0: Ball
1-0: SINGLE (Groundball, 25) (infield hit)
Batting: RHB Gil Palmer 0-0: Called Strike
0-1: Ball
1-1: Foul Ball, location: 2F
1-2: Strikes out swinging
Top of the 11th over - 1 run, 2 hits, 0 errors, 1 left on base; District 9 8 - Santa Monica 7
BOTTOM OF THE 11TH
Santa Monica Bruins batting - Pitching for District 9 Prawns : RHP Ignacio Morales
Pitching: RHP Marcos Miranda
Batting: LHB Noriaki Sangi 0-0: Called Strike
0-1: Ball
1-1: Foul Ball, location: 2F
1-2: Foul Ball, location: 2F
1-2: Ball
2-2: Ground out 6-3 (Groundball, 6)
Batting: RHB Javier González 0-0: Ball
1-0: Foul Ball, location: 2F
1-1: Called Strike
1-2: Strikes out swinging
Batting: RHB Cisco Gatán 0-0: Foul Ball, location: 2F
0-1: Ball
1-1: Foul Ball, location: 2F
1-2: Ground out 6-3 (Groundball, 6)
Bottom of the 11th over - 0 runs, 0 hits, 0 errors, 0 left on base; District 9 8 - Santa Monica 7
Saturday, December 16th, 2017 - OOTP Baseball 18.8 Build 76